Chicago Black Hawks vs Hartford Whalers
Created - Thursday, April 6, 2023 at 07:17
Goals
|
| Chicago Black Hawks |
1 |
3 |
1 |
5 |
| Hartford Whalers |
2 |
2 |
2 |
6 |
|
Shots
|
| Chicago Black Hawks |
13 |
12 |
11 |
36 |
| Hartford Whalers |
20 |
12 |
15 |
47 |
|
1st period
1. Hartford Whalers , Taylor Hall 5 (Joshua Norris 10) at 4:50 (PP)
2. Hartford Whalers , Marcus Foligno 8 (Taylor Hall 11, Joshua Norris 11) at 19:18 (PP)
3. Chicago Black Hawks , Bo Horvat 9 (Chris Kreider 13, Vladimir Tarasenko 7) at 19:56
Penalties :
Bryan Rust (CHI) for Goalie Interference (Minor) at 1:27, Marcus Foligno (HFD) for Tripping (Minor) at 1:31, Steven Stamkos (CHI) for Holding (Minor) at 4:27, Taylor Hall (HFD) for Interference (Minor) at 5:26, Mikhail Sergachev (CHI) for Goalie Interference (Minor) at 18:02
2nd period
4. Chicago Black Hawks , Vladimir Tarasenko 7 (Bo Horvat 15, Matthew Tkachuk 10) at 9:40 (PP)
5. Hartford Whalers , Joshua Norris 8 (Taylor Hall 12) at 9:48
6. Chicago Black Hawks , Travis Konecny 11 (Phillip Danault 8, Vladimir Tarasenko 8) at 10:45
7. Chicago Black Hawks , Matt Duchene 13 (Chris Kreider 14, Steven Stamkos 19) at 11:37 (PP)
8. Hartford Whalers , Alexis Lafreniere 4 (Anthony Mantha 10, Alexander Wennberg 17) at 17:57
Penalties :
Haydn Fleury (HFD) for Hooking (Minor) at 8:59, Alexis Lafreniere (HFD) for Hooking (Minor) at 11:33
3rd period
9. Hartford Whalers , Kevin Labanc 4 (Jaccob Slavin 9) at 5:50
10. Hartford Whalers , Marcus Foligno 9 (Joshua Norris 12, Taylor Hall 13) at 9:32
11. Chicago Black Hawks , Matt Duchene 14 (Steven Stamkos 20, Matthew Tkachuk 11) at 12:03
Penalties :
Alexis Lafreniere (HFD) for Interference (Minor) at 16:29
Goalie Stats
Ilya Sorokin (CHI), 41 saves from 47 shots - (0.872), L, 9-5-2, 59:35 minutes
Logan Thompson (HFD), 31 saves from 36 shots - (0.861), W, 5-2-1, 60:00 minutes
Players Stats for Chicago Black Hawks
Player Name G A P +/- PIM S H SB GA TA FO MP PP MP PK MP
------------------------------------------------------------------------------------
Barclay Goodrow 0 0 0 0 0 0 1 0 0 0 2/9 8:13 0:00 1:23
Bo Horvat 1 1 2 0 0 5 2 0 0 0 8/15 17:27 2:08 0:00
Brent Burns 0 0 0 0 0 0 1 1 0 0 0/0 25:17 3:01 0:20
Bryan Rust 0 0 0 0 2 1 0 1 0 0 0/0 6:52 0:03 0:00
Chris Kreider 0 2 2 0 0 5 0 2 0 0 0/0 17:45 2:39 0:20
Devon Toews 0 0 0 0 0 0 0 2 0 1 0/0 25:08 1:42 1:23
Lawson Crouse 0 0 0 0 0 2 1 0 0 2 0/0 10:05 0:00 1:23
Matt Duchene 2 0 2 0 0 4 1 2 1 1 1/2 21:12 2:39 0:00
Matthew Tkachuk 0 2 2 0 0 1 2 2 1 1 0/3 21:32 2:05 0:00
Mikhail Sergachev 0 0 0 0 2 1 3 0 0 1 0/0 22:10 3:01 0:00
Nicolas Hague 0 0 0 -1 0 1 2 0 0 0 0/0 12:41 0:04 0:20
Nikolaj Ehlers 0 0 0 -1 0 2 0 0 0 1 0/0 11:40 0:00 0:00
Phillip Danault 0 1 1 -1 0 4 2 0 0 0 4/11 13:08 0:00 0:20
Rasmus Andersson 0 0 0 -1 0 1 2 1 0 0 0/0 15:12 0:00 0:00
Rasmus Ristolainen 0 0 0 0 0 1 3 1 0 1 0/0 17:39 0:04 1:23
Steven Stamkos 0 2 2 0 2 3 1 0 1 0 15/35 21:11 2:39 0:00
Travis Konecny 1 0 1 -1 0 2 1 0 1 0 0/0 12:42 2:05 0:00
Vladimir Tarasenko 1 2 3 0 0 3 2 1 1 1 0/0 16:25 1:45 0:00
Players Stats for Hartford Whalers
Player Name G A P +/- PIM S H SB GA TA FO MP PP MP PK MP
------------------------------------------------------------------------------------
Alec Martinez 0 0 0 -1 0 1 1 1 1 0 0/0 15:16 0:00 0:00
Alexander Wennberg 0 1 1 1 0 5 0 0 1 0 12/18 18:41 0:15 2:08
Alexis Lafreniere 1 0 1 1 4 3 2 0 0 0 0/0 15:47 0:15 0:33
Anthony Mantha 0 1 1 1 0 4 1 0 1 1 0/1 15:13 0:15 0:00
Brett Howden 0 0 0 0 0 3 2 0 0 0 1/2 7:17 0:00 0:00
Casey Cizikas 0 0 0 -2 0 3 1 0 0 0 9/14 13:44 0:00 0:02
Connor Clifton 0 0 0 0 0 0 1 0 0 0 0/0 7:17 0:00 0:00
Eetu Luostarinen 0 0 0 -2 0 0 1 0 0 0 0/0 13:03 0:00 0:00
Haydn Fleury 0 0 0 -1 2 0 1 2 0 0 0/0 15:15 0:00 0:00
Jaccob Slavin 0 1 1 -1 0 0 0 0 1 1 0/0 23:14 1:24 2:23
Joshua Norris 1 3 4 2 0 7 4 1 1 1 22/35 20:58 1:28 2:29
Kevin Labanc 1 0 1 -2 0 1 3 0 2 0 0/1 14:02 0:00 0:48
Marcus Foligno 2 0 2 2 2 4 1 1 0 1 1/3 19:57 1:27 2:04
Taylor Hall 1 3 4 2 2 9 2 1 2 0 0/1 19:58 1:28 1:30
Thomas Chabot 0 0 0 -1 0 1 0 2 0 0 0/0 23:14 1:24 2:23
Torey Krug 0 0 0 3 0 4 1 6 0 0 0/0 21:30 0:19 2:24
Travis Dermott 0 0 0 0 0 0 0 0 0 0 0/0 7:17 0:00 0:00
Trevor van Riemsdyk 0 0 0 3 0 2 0 1 0 1 0/0 21:30 0:19 2:24
3 Stars
1 - Joshua Norris (HFD)
2 - Taylor Hall (HFD)
3 - Marcus Foligno (HFD)
Power Play
Chicago Black Hawks - 2 on 5 Attempt(s) - 40.00%
Hartford Whalers - 2 on 3 Attempt(s) - 66.67%
Penalty Kill
Chicago Black Hawks - 1 on 3 Attempt(s) - 33.33%
- Score 0 goal in Penalty Kill
Hartford Whalers - 3 on 5 Attempt(s) - 60.00%
- Score 0 goal in Penalty Kill
Team Stat
Chicago Black Hawks - Hits : 24 - Faceoff Wins : 30 - Blocked Shots : 13 - Penalty Minutes : 6
Hartford Whalers - Hits : 21 - Faceoff Wins : 45 - Blocked Shots : 15 - Penalty Minutes : 10
Official
Referees : Steve Kozari and Mike Hasenfratz
Linesman : Kiel Murchison and Steve Barton
Game Notes
19:56 of 1st period - Chicago Black Hawks goal is going for a video replay. After video review, Goal.
Finance
Level 1 -- Attendance: 4932 (49.32%) -- Ticket Income $493,200
Level 2 -- Attendance: 3524 (70.48%) -- Ticket Income $211,440
Level 3 -- Attendance: 2777 (92.57%) -- Ticket Income $97,195
Level 4 -- Attendance: 4039 (80.78%) -- Ticket Income $100,975
Luxury Box -- Attendance: 806 (80.60%) -- Ticket Income $161,200
Game was played at the Hartford Civic Center.
Total Attendance: 16078 (66.99%)
Total Ticket Income: $1,064,010
Other Income: $372,404
Total Income: $1,436,414
Chicago Black Hawks
5 vs 5 Forward
Center Left Wing Right Wing Time % Phy DF OF
1 Steven Stamkos Matthew Tkachuk Matt Duchene 40 0 1 4
2 Bo Horvat Chris Kreider Vladimir Tarasenko 30 0 1 4
3 Phillip Danault Nikolaj Ehlers Travis Konecny 20 0 2 3
4 Barclay Goodrow Bryan Rust Lawson Crouse 10 0 2 3
5 vs 5 Defense
Defense Defense Time % Phy DF OF
1 Brent Burns Devon Toews 40 0 2 3
2 Rasmus Ristolainen Mikhail Sergachev 30 0 2 3
3 Rasmus Andersson Nicolas Hague 20 0 4 1
4 Mikhail Sergachev Rasmus Andersson 10 0 3 2
PowerPlay Forward
Center Left Wing Right Wing Time % Phy DF OF
1 Steven Stamkos Chris Kreider Matt Duchene 60 0 0 5
2 Bo Horvat Matthew Tkachuk Travis Konecny 40 0 0 5
PowerPlay Defense
Defense Defense Time % Phy DF OF
1 Brent Burns Mikhail Sergachev 60 0 0 5
2 Devon Toews Vladimir Tarasenko 40 0 0 5
Penalty Kill 4 Players Forward
Center Wing Time % Phy DF OF
1 Barclay Goodrow Lawson Crouse 60 0 5 0
2 Phillip Danault Chris Kreider 40 0 5 0
Penalty Kill 4 Players Defense
Defense Defense Time % Phy DF OF
1 Devon Toews Rasmus Ristolainen 60 0 5 0
2 Brent Burns Mikhail Sergachev 40 0 5 0
Penalty Kill - 3 Players Forward
Forward Time % Phy DF OF
1 Barclay Goodrow 60 0 5 0
2 Phillip Danault 40 0 5 0
Penalty Kill - 3 Players Defense
Defense Defense Time % Phy DF OF
1 Rasmus Ristolainen Mikhail Sergachev 60 0 5 0
2 Devon Toews Nicolas Hague 40 0 5 0
4 vs 4 Forward
Center Wing Time % Phy DF OF
1 Phillip Danault Nikolaj Ehlers 60 0 2 3
2 Bo Horvat Bryan Rust 40 0 2 3
4 vs 4 Defense
Defense Defense Time % Phy DF OF
1 Nicolas Hague Rasmus Ristolainen 60 0 4 1
2 Devon Toews Brent Burns 40 0 2 3
Last Minutes Offensive
Center Left Wing Right Wing Defense Defense
Steven Stamkos Chris Kreider Matthew Tkachuk Brent Burns Devon Toews
Last Minutes Defensive
Center Left Wing Right Wing Defense Defense
Barclay Goodrow Lawson Crouse Phillip Danault Rasmus Ristolainen Brent Burns
Goaltenders
Starting : Ilya Sorokin
Backup : Jordan Binnington
Extra Forwards
Normal : Lawson Crouse, Vladimir Tarasenko, Phillip Danault - PP : Bryan Rust, Nikolaj Ehlers - PK : Bo Horvat
Extra Defensemen
Normal : Rasmus Ristolainen, Nicolas Hague, Devon Toews - PP : Rasmus Ristolainen - PK : Nicolas Hague, Devon Toews
Penalty Shots
Bryan Rust, Matt Duchene, Devon Toews, Bo Horvat, Rasmus Ristolainen
Hartford Whalers
5 vs 5 Forward
Center Left Wing Right Wing Time % Phy DF OF
1 Joshua Norris Taylor Hall Marcus Foligno 30 1 2 2
2 Alexander Wennberg Anthony Mantha Alexis Lafreniere 30 1 2 2
3 Casey Cizikas Eetu Luostarinen Kevin Labanc 25 1 2 2
4 Brett Howden Travis Dermott Connor Clifton 15 1 2 2
5 vs 5 Defense
Defense Defense Time % Phy DF OF
1 Jaccob Slavin Thomas Chabot 35 1 2 2
2 Torey Krug Trevor van Riemsdyk 35 1 2 2
3 Alec Martinez Haydn Fleury 30 1 2 2
4 Jaccob Slavin Thomas Chabot 0 1 2 2
PowerPlay Forward
Center Left Wing Right Wing Time % Phy DF OF
1 Joshua Norris Taylor Hall Marcus Foligno 50 1 2 2
2 Alexander Wennberg Anthony Mantha Alexis Lafreniere 50 1 2 2
PowerPlay Defense
Defense Defense Time % Phy DF OF
1 Jaccob Slavin Thomas Chabot 50 1 2 2
2 Torey Krug Trevor van Riemsdyk 50 1 2 2
Penalty Kill 4 Players Forward
Center Wing Time % Phy DF OF
1 Joshua Norris Taylor Hall 50 1 2 2
2 Marcus Foligno Alexander Wennberg 50 1 2 2
Penalty Kill 4 Players Defense
Defense Defense Time % Phy DF OF
1 Jaccob Slavin Thomas Chabot 50 1 2 2
2 Torey Krug Trevor van Riemsdyk 50 1 2 2
Penalty Kill - 3 Players Forward
Forward Time % Phy DF OF
1 Joshua Norris 50 1 2 2
2 Taylor Hall 50 1 2 2
Penalty Kill - 3 Players Defense
Defense Defense Time % Phy DF OF
1 Jaccob Slavin Thomas Chabot 50 1 2 2
2 Torey Krug Trevor van Riemsdyk 50 1 2 2
4 vs 4 Forward
Center Wing Time % Phy DF OF
1 Joshua Norris Taylor Hall 50 1 2 2
2 Marcus Foligno Alexander Wennberg 50 1 2 2
4 vs 4 Defense
Defense Defense Time % Phy DF OF
1 Jaccob Slavin Thomas Chabot 50 1 2 2
2 Torey Krug Trevor van Riemsdyk 50 1 2 2
Last Minutes Offensive
Center Left Wing Right Wing Defense Defense
Joshua Norris Taylor Hall Marcus Foligno Jaccob Slavin Thomas Chabot
Last Minutes Defensive
Center Left Wing Right Wing Defense Defense
Joshua Norris Taylor Hall Marcus Foligno Jaccob Slavin Thomas Chabot
Goaltenders
Starting : Logan Thompson
Backup : Anton Forsberg
Extra Forwards
Normal : Casey Cizikas, Eetu Luostarinen, Kevin Labanc - PP : Casey Cizikas, Eetu Luostarinen - PK : Kevin Labanc
Extra Defensemen
Normal : Alec Martinez, Haydn Fleury, Connor Clifton - PP : Alec Martinez - PK : Haydn Fleury, Connor Clifton
Penalty Shots
Joshua Norris, Taylor Hall, Marcus Foligno, Alexander Wennberg, Anthony Mantha
% Time on Ice - Chicago Black Hawks
Lines # - Real PCT - Wanted PCT - Time Play
Normal Forward
1 - 37% - 40% - 18:33
2 - 29% - 30% - 14:32
3 - 21% - 20% - 10:32
4 - 14% - 10% - 6:50
Normal Defense
1 - 41% - 40% - 20:36
2 - 30% - 30% - 15:03
3 - 21% - 20% - 10:34
4 - 8% - 10% - 4:14
PP Forward
1 - 55% - 60% - 2:39
2 - 45% - 40% - 2:08
PP Defense
1 - 64% - 60% - 3:05
2 - 36% - 40% - 1:42
PK Forward
1 - 81% - 60% - 1:23
2 - 19% - 40% - 0:20
PK Defense
1 - 81% - 60% - 1:23
2 - 19% - 40% - 0:20
PK3 Forward
1 - 0% - 60%
2 - 0% - 40%
PK3 Defense
1 - 0% - 60%
2 - 0% - 40%
44 Forward
1 - 59% - 60% - 1:08
2 - 41% - 40% - 0:47
44 Defense
1 - 52% - 60% - 1:00
2 - 48% - 40% - 0:55
Last Minute Offensive - 1:08
Last Minute Defensive - 0:00
Total
Forward - 60:00
Defense - 60:00
|
% Time on Ice - Hartford Whalers
Lines # - Real PCT - Wanted PCT - Time Play
Normal Forward
1 - 30% - 30% - 14:58
2 - 30% - 30% - 15:21
3 - 26% - 25% - 12:54
4 - 14% - 15% - 7:17
Normal Defense
1 - 35% - 35% - 17:29
2 - 35% - 35% - 17:50
3 - 30% - 30% - 15:11
4 - 0% - 0% - 0:00
PP Forward
1 - 85% - 50% - 1:28
2 - 15% - 50% - 0:15
PP Defense
1 - 82% - 50% - 1:24
2 - 18% - 50% - 0:19
PK Forward
1 - 55% - 50% - 2:39
2 - 45% - 50% - 2:08
PK Defense
1 - 50% - 50% - 2:23
2 - 50% - 50% - 2:24
PK3 Forward
1 - 0% - 50%
2 - 0% - 50%
PK3 Defense
1 - 0% - 50%
2 - 0% - 50%
44 Forward
1 - 50% - 50% - 0:58
2 - 50% - 50% - 0:57
44 Defense
1 - 50% - 50% - 0:58
2 - 50% - 50% - 0:57
Last Minute Offensive - 0:00
Last Minute Defensive - 1:05
Total
Forward - 60:00
Defense - 60:00
|
Play-by-Play
1st period
0:01 of 1st period - Joshua Norris wins face-off versus Steven Stamkos in neutral zone.
0:26 of 1st period - Marcus Foligno is hit by Phillip Danault and loses puck.
1:14 of 1st period - Icing by Rasmus Andersson.
1:15 of 1st period - Brett Howden wins face-off versus Barclay Goodrow in Chicago Black Hawks zone.
1:18 of 1st period - Wrist shot by Brett Howden.
1:18 of 1st period - Stopped by Ilya Sorokin with a rebound.
1:27 of 1st period - Minor Penalty to Bryan Rust for Goalie Interference.
1:28 of 1st period - Joshua Norris wins face-off versus Barclay Goodrow in Chicago Black Hawks zone.
1:31 of 1st period - Minor Penalty to Marcus Foligno for Tripping.
1:32 of 1st period - Joshua Norris wins face-off versus Phillip Danault in Hartford Whalers zone.
1:35 of 1st period - Off-side.
1:36 of 1st period - Phillip Danault wins face-off versus Joshua Norris in neutral zone.
1:43 of 1st period - Snap shot by Phillip Danault.
1:43 of 1st period - Shot Misses the Net.
1:45 of 1st period - Wrist shot by Phillip Danault.
1:45 of 1st period - Stopped by Logan Thompson without a rebound.
1:46 of 1st period - Casey Cizikas wins face-off versus Phillip Danault in Hartford Whalers zone.
1:48 of 1st period - Icing by Alexander Wennberg.
1:49 of 1st period - Casey Cizikas wins face-off versus Phillip Danault in Hartford Whalers zone.
1:57 of 1st period - Snap shot by Phillip Danault.
1:57 of 1st period - Stopped by Logan Thompson with a rebound.
1:59 of 1st period - Slapshot by Nicolas Hague.
1:59 of 1st period - Shot Blocked by Torey Krug.
2:01 of 1st period - Wrist shot by Phillip Danault.
2:01 of 1st period - Stopped by Logan Thompson without a rebound.
2:02 of 1st period - Bo Horvat wins face-off versus Joshua Norris in Hartford Whalers zone.
2:17 of 1st period - Slapshot by Bo Horvat.
2:17 of 1st period - Stopped by Logan Thompson without a rebound.
2:18 of 1st period - Phillip Danault wins face-off versus Casey Cizikas in Hartford Whalers zone.
2:23 of 1st period - Wrist shot by Phillip Danault.
2:23 of 1st period - Shot Misses the Net.
2:53 of 1st period - Snap shot by Bo Horvat.
2:53 of 1st period - Shot Misses the Net.
3:27 of 1st period - Penalty to Bryan Rust is over, Bryan Rust is back on ice.
3:31 of 1st period - Penalty to Marcus Foligno is over, Marcus Foligno is back on ice.
3:39 of 1st period - Wrist shot by Marcus Foligno.
3:39 of 1st period - Shot Blocked by Chris Kreider.
3:45 of 1st period - Marcus Foligno is hit by Nicolas Hague and loses puck.
4:03 of 1st period - Snap shot by Brett Howden.
4:03 of 1st period - Stopped by Ilya Sorokin with a rebound.
4:05 of 1st period - Snap shot by Brett Howden.
4:05 of 1st period - Stopped by Ilya Sorokin without a rebound.
4:06 of 1st period - Steven Stamkos wins face-off versus Kevin Labanc in Chicago Black Hawks zone.
4:13 of 1st period - Snap shot by Matthew Tkachuk.
4:13 of 1st period - Stopped by Logan Thompson with a rebound.
4:27 of 1st period - Minor Penalty to Steven Stamkos for Holding.
4:28 of 1st period - Alexander Wennberg wins face-off versus Barclay Goodrow in Chicago Black Hawks zone.
4:42 of 1st period - Wrist shot by Anthony Mantha.
4:42 of 1st period - Stopped by Ilya Sorokin without a rebound.
4:43 of 1st period - Joshua Norris wins face-off versus Barclay Goodrow in Chicago Black Hawks zone.
4:50 of 1st period - Wrist shot by Taylor Hall.
4:50 of 1st period - Goal by Taylor Hall - Chicago Black Hawks : 0 - Hartford Whalers : 1.
4:51 of 1st period - Alexander Wennberg wins face-off versus Bo Horvat in neutral zone.
5:00 of 1st period - Alexander Wennberg is hit by Rasmus Ristolainen and loses puck.
5:05 of 1st period - Wrist shot by Vladimir Tarasenko.
5:05 of 1st period - Stopped by Logan Thompson with a rebound.
5:07 of 1st period - Slapshot by Bo Horvat.
5:07 of 1st period - Deflect By Chris Kreider.
5:07 of 1st period - Shot Misses the Net.
5:07 of 1st period - Puck is out of play.
5:08 of 1st period - Steven Stamkos wins face-off versus Casey Cizikas in Hartford Whalers zone.
5:23 of 1st period - Wrist shot by Steven Stamkos.
5:23 of 1st period - Deflect By Matthew Tkachuk.
5:23 of 1st period - Shot Misses the Net.
5:23 of 1st period - Puck is out of play.
5:24 of 1st period - Joshua Norris wins face-off versus Bo Horvat in Hartford Whalers zone.
5:26 of 1st period - Minor Penalty to Taylor Hall for Interference.
5:27 of 1st period - Steven Stamkos wins face-off versus Joshua Norris in Hartford Whalers zone.
6:04 of 1st period - Alexander Wennberg is hit by Bo Horvat and loses puck.
6:21 of 1st period - Steven Stamkos is hit by Alexis Lafreniere and loses puck.
7:26 of 1st period - Penalty to Taylor Hall is over, Taylor Hall is back on ice.
7:57 of 1st period - Off-side.
7:58 of 1st period - Barclay Goodrow wins face-off versus Casey Cizikas in neutral zone.
9:15 of 1st period - Devon Toews is hit by Alexis Lafreniere and loses puck.
9:20 of 1st period - Snap shot by Anthony Mantha.
9:20 of 1st period - Shot Blocked by Brent Burns.
9:40 of 1st period - Wrist shot by Kevin Labanc.
9:40 of 1st period - Deflect By Eetu Luostarinen.
9:40 of 1st period - Shot Misses the Net.
9:40 of 1st period - Puck is out of play.
9:41 of 1st period - Steven Stamkos wins face-off versus Casey Cizikas in Chicago Black Hawks zone.
9:50 of 1st period - Slapshot by Kevin Labanc.
9:50 of 1st period - Shot Misses the Net.
9:52 of 1st period - Snap shot by Kevin Labanc.
9:52 of 1st period - Shot Blocked by Matthew Tkachuk.
9:54 of 1st period - Snap shot by Trevor van Riemsdyk.
9:54 of 1st period - Deflect By Casey Cizikas.
9:54 of 1st period - Stopped by Ilya Sorokin with a rebound.
9:56 of 1st period - Slapshot by Kevin Labanc.
9:56 of 1st period - Shot Blocked by Matt Duchene.
9:58 of 1st period - Backhand shot by Torey Krug.
9:58 of 1st period - Shot Blocked by Matt Duchene.
10:00 of 1st period - Wrist shot by Casey Cizikas.
10:00 of 1st period - Stopped by Ilya Sorokin without a rebound.
10:01 of 1st period - Joshua Norris wins face-off versus Bo Horvat in Chicago Black Hawks zone.
10:04 of 1st period - Snap shot by Taylor Hall.
10:04 of 1st period - Stopped by Ilya Sorokin with a rebound.
10:10 of 1st period - Wrist shot by Taylor Hall.
10:10 of 1st period - Stopped by Ilya Sorokin without a rebound.
10:11 of 1st period - Joshua Norris wins face-off versus Bo Horvat in Chicago Black Hawks zone.
10:14 of 1st period - Snap shot by Joshua Norris.
10:14 of 1st period - Stopped by Ilya Sorokin without a rebound.
10:15 of 1st period - Joshua Norris wins face-off versus Steven Stamkos in Chicago Black Hawks zone.
10:16 of 1st period - Wrist shot by Taylor Hall.
10:16 of 1st period - Shot Misses the Net.
10:18 of 1st period - Wrist shot by Torey Krug.
10:18 of 1st period - Stopped by Ilya Sorokin with a rebound.
10:20 of 1st period - Wrist shot by Taylor Hall.
10:20 of 1st period - Stopped by Ilya Sorokin with a rebound.
10:22 of 1st period - Wrist shot by Marcus Foligno.
10:22 of 1st period - Stopped by Ilya Sorokin with a rebound.
10:24 of 1st period - Slapshot by Torey Krug.
10:24 of 1st period - Stopped by Ilya Sorokin without a rebound.
10:25 of 1st period - Joshua Norris wins face-off versus Steven Stamkos in Chicago Black Hawks zone.
10:28 of 1st period - Snap shot by Joshua Norris.
10:28 of 1st period - Shot Misses the Net.
10:30 of 1st period - Snap shot by Marcus Foligno.
10:30 of 1st period - Shot Misses the Net.
10:38 of 1st period - Slapshot by Taylor Hall.
10:38 of 1st period - Stopped by Ilya Sorokin with a rebound.
10:40 of 1st period - Slapshot by Trevor van Riemsdyk.
10:40 of 1st period - Stopped by Ilya Sorokin without a rebound.
10:41 of 1st period - Bo Horvat wins face-off versus Alexander Wennberg in Chicago Black Hawks zone.
11:12 of 1st period - Alec Martinez is hit by Steven Stamkos and loses puck.
11:19 of 1st period - Wrist shot by Matt Duchene.
11:19 of 1st period - Shot Misses the Net.
11:31 of 1st period - Snap shot by Lawson Crouse.
11:31 of 1st period - Shot Misses the Net.
11:33 of 1st period - Snap shot by Lawson Crouse.
11:33 of 1st period - Stopped by Logan Thompson with a rebound.
11:39 of 1st period - Slapshot by Lawson Crouse.
11:39 of 1st period - Shot Blocked by Haydn Fleury.
12:24 of 1st period - Phillip Danault is hit by Anthony Mantha and loses puck.
12:37 of 1st period - Snap shot by Matt Duchene.
12:37 of 1st period - Deflect By Eetu Luostarinen.
12:37 of 1st period - Shot Misses the Net.
12:37 of 1st period - Puck is out of play.
12:38 of 1st period - Casey Cizikas wins face-off versus Steven Stamkos in Hartford Whalers zone.
12:49 of 1st period - Slapshot by Casey Cizikas.
12:49 of 1st period - Deflect By Brent Burns.
12:49 of 1st period - Stopped by Ilya Sorokin without a rebound.
12:50 of 1st period - Alexander Wennberg wins face-off versus Steven Stamkos in Chicago Black Hawks zone.
12:53 of 1st period - Wrist shot by Alexander Wennberg.
12:53 of 1st period - Shot Misses the Net.
13:39 of 1st period - Phillip Danault is hit by Joshua Norris and loses puck.
14:04 of 1st period - Slapshot by Thomas Chabot.
14:04 of 1st period - Shot Blocked by Rasmus Ristolainen.
14:06 of 1st period - Backhand shot by Thomas Chabot.
14:06 of 1st period - Shot Blocked by Matthew Tkachuk.
14:08 of 1st period - Snap shot by Connor Clifton.
14:08 of 1st period - Shot Misses the Net.
15:26 of 1st period - Slapshot by Steven Stamkos.
15:26 of 1st period - Shot Blocked by Thomas Chabot.
15:28 of 1st period - Wrist shot by Steven Stamkos.
15:28 of 1st period - Stopped by Logan Thompson with a rebound.
16:00 of 1st period - Snap shot by Vladimir Tarasenko.
16:00 of 1st period - Deflect By Bo Horvat.
16:00 of 1st period - Stopped by Logan Thompson without a rebound.
16:01 of 1st period - Casey Cizikas wins face-off versus Bo Horvat in Hartford Whalers zone.
16:56 of 1st period - Snap shot by Casey Cizikas.
16:56 of 1st period - Shot Misses the Net.
16:58 of 1st period - Snap shot by Eetu Luostarinen.
16:58 of 1st period - Shot Misses the Net.
17:00 of 1st period - Slapshot by Alec Martinez.
17:00 of 1st period - Stopped by Ilya Sorokin with a rebound.
17:02 of 1st period - Wrist shot by Eetu Luostarinen.
17:02 of 1st period - Deflect By Casey Cizikas.
17:02 of 1st period - Shot Misses the Net.
17:02 of 1st period - Puck is out of play.
17:03 of 1st period - Steven Stamkos wins face-off versus Alexander Wennberg in Chicago Black Hawks zone.
17:55 of 1st period - Snap shot by Nikolaj Ehlers.
17:55 of 1st period - Stopped by Logan Thompson with a rebound.
17:57 of 1st period - Slapshot by Bryan Rust.
17:57 of 1st period - Stopped by Logan Thompson without a rebound.
17:58 of 1st period - Alexander Wennberg wins face-off versus Barclay Goodrow in Hartford Whalers zone.
18:02 of 1st period - Minor Penalty to Mikhail Sergachev for Goalie Interference.
18:03 of 1st period - Barclay Goodrow wins face-off versus Joshua Norris in Chicago Black Hawks zone.
18:37 of 1st period - Snap shot by Taylor Hall.
18:37 of 1st period - Stopped by Ilya Sorokin with a rebound.
18:47 of 1st period - Wrist shot by Joshua Norris.
18:47 of 1st period - Shot Misses the Net.
18:49 of 1st period - Snap shot by Joshua Norris.
18:49 of 1st period - Shot Misses the Net.
19:04 of 1st period - Icing by Joshua Norris.
19:05 of 1st period - Joshua Norris wins face-off versus Phillip Danault in Hartford Whalers zone.
19:18 of 1st period - Slapshot by Marcus Foligno.
19:18 of 1st period - Goal by Marcus Foligno - Chicago Black Hawks : 0 - Hartford Whalers : 2.
19:19 of 1st period - Steven Stamkos wins face-off versus Alexander Wennberg in neutral zone.
19:34 of 1st period - Slapshot by Alexander Wennberg.
19:34 of 1st period - Shot Misses the Net.
19:54 of 1st period - Slapshot by Bo Horvat.
19:54 of 1st period - Stopped by Logan Thompson with a rebound.
19:56 of 1st period - Wrist shot by Chris Kreider.
19:56 of 1st period - Deflect By Bo Horvat.
19:56 of 1st period - Chicago Black Hawks goal is going for a video replay.
19:56 of 1st period - The goal is good.
19:56 of 1st period - Goal by Bo Horvat - Chicago Black Hawks : 1 - Hartford Whalers : 2.
19:57 of 1st period - Steven Stamkos wins face-off versus Joshua Norris in neutral zone.
Goals for this period are 1 for Chicago Black Hawks vs 2 for Hartford Whalers.
Shots for this period are 13 for Chicago Black Hawks vs 20 for Hartford Whalers.
2nd period
0:01 of 2nd period - Steven Stamkos wins face-off versus Joshua Norris in neutral zone.
0:08 of 2nd period - Wrist shot by Steven Stamkos.
0:08 of 2nd period - Shot Blocked by Torey Krug.
0:23 of 2nd period - Icing by Matt Duchene.
0:24 of 2nd period - Alexander Wennberg wins face-off versus Steven Stamkos in Chicago Black Hawks zone.
0:25 of 2nd period - Snap shot by Anthony Mantha.
0:25 of 2nd period - Stopped by Ilya Sorokin without a rebound.
0:26 of 2nd period - Alexander Wennberg wins face-off versus Steven Stamkos in Chicago Black Hawks zone.
0:37 of 2nd period - Snap shot by Alexander Wennberg.
0:37 of 2nd period - Shot Misses the Net.
0:56 of 2nd period - Snap shot by Taylor Hall.
0:56 of 2nd period - Stopped by Ilya Sorokin without a rebound.
0:57 of 2nd period - Bo Horvat wins face-off versus Joshua Norris in Chicago Black Hawks zone.
1:31 of 2nd period - Wrist shot by Alexander Wennberg.
1:31 of 2nd period - Stopped by Ilya Sorokin with a rebound.
2:34 of 2nd period - Slapshot by Jaccob Slavin.
2:34 of 2nd period - Shot Blocked by Chris Kreider.
2:36 of 2nd period - Wrist shot by Marcus Foligno.
2:36 of 2nd period - Deflect By Bo Horvat.
2:36 of 2nd period - Shot Misses the Net.
2:36 of 2nd period - Puck is out of play.
2:37 of 2nd period - Steven Stamkos wins face-off versus Joshua Norris in Chicago Black Hawks zone.
2:51 of 2nd period - Matthew Tkachuk is hit by Torey Krug and loses puck.
3:11 of 2nd period - Torey Krug is hit by Rasmus Ristolainen.
3:54 of 2nd period - Slapshot by Rasmus Ristolainen.
3:54 of 2nd period - Stopped by Logan Thompson without a rebound.
3:55 of 2nd period - Alexander Wennberg wins face-off versus Steven Stamkos in Hartford Whalers zone.
4:28 of 2nd period - Wrist shot by Matt Duchene.
4:28 of 2nd period - Stopped by Logan Thompson with a rebound.
4:42 of 2nd period - Alexis Lafreniere is hit by Nicolas Hague and loses puck.
5:10 of 2nd period - Snap shot by Anthony Mantha.
5:10 of 2nd period - Stopped by Ilya Sorokin with a rebound.
5:18 of 2nd period - Snap shot by Alexander Wennberg.
5:18 of 2nd period - Stopped by Ilya Sorokin with a rebound.
5:34 of 2nd period - Anthony Mantha is hit by Mikhail Sergachev and loses puck.
5:43 of 2nd period - Snap shot by Anthony Mantha.
5:43 of 2nd period - Deflect By Alexander Wennberg.
5:43 of 2nd period - Shot Misses the Net.
5:43 of 2nd period - Puck is out of play.
5:44 of 2nd period - Joshua Norris wins face-off versus Bo Horvat in Chicago Black Hawks zone.
5:49 of 2nd period - Joshua Norris is hit by Vladimir Tarasenko and loses puck.
6:16 of 2nd period - Slapshot by Torey Krug.
6:16 of 2nd period - Shot Blocked by Devon Toews.
6:34 of 2nd period - Phillip Danault is hit by Eetu Luostarinen and loses puck.
7:19 of 2nd period - Barclay Goodrow is hit by Kevin Labanc and loses puck.
7:55 of 2nd period - Snap shot by Kevin Labanc.
7:55 of 2nd period - Shot Misses the Net.
8:13 of 2nd period - Connor Clifton is hit by Rasmus Ristolainen and loses puck.
8:32 of 2nd period - Jaccob Slavin is hit by Lawson Crouse.
8:59 of 2nd period - Minor Penalty to Haydn Fleury for Hooking.
9:00 of 2nd period - Marcus Foligno wins face-off versus Steven Stamkos in Hartford Whalers zone.
9:19 of 2nd period - Taylor Hall is hit by Matt Duchene and loses puck.
9:40 of 2nd period - Slapshot by Vladimir Tarasenko.
9:40 of 2nd period - Deflect By Marcus Foligno.
9:40 of 2nd period - Goal by Vladimir Tarasenko - Chicago Black Hawks : 2 - Hartford Whalers : 2.
9:41 of 2nd period - Joshua Norris wins face-off versus Matt Duchene in neutral zone.
9:44 of 2nd period - Snap shot by Joshua Norris.
9:44 of 2nd period - Stopped by Ilya Sorokin with a rebound.
9:46 of 2nd period - Snap shot by Taylor Hall.
9:46 of 2nd period - Shot Misses the Net.
9:48 of 2nd period - Wrist shot by Joshua Norris.
9:48 of 2nd period - Goal by Joshua Norris - Chicago Black Hawks : 2 - Hartford Whalers : 3.
9:49 of 2nd period - Joshua Norris wins face-off versus Steven Stamkos in neutral zone.
10:45 of 2nd period - Snap shot by Travis Konecny.
10:45 of 2nd period - Goal by Travis Konecny - Chicago Black Hawks : 3 - Hartford Whalers : 3.
10:46 of 2nd period - Joshua Norris wins face-off versus Steven Stamkos in neutral zone.
10:51 of 2nd period - Slapshot by Thomas Chabot.
10:51 of 2nd period - Stopped by Ilya Sorokin without a rebound.
10:52 of 2nd period - Joshua Norris wins face-off versus Steven Stamkos in Chicago Black Hawks zone.
11:31 of 2nd period - Slapshot by Chris Kreider.
11:31 of 2nd period - Deflect By Anthony Mantha.
11:31 of 2nd period - Stopped by Logan Thompson with a rebound.
11:33 of 2nd period - Minor Penalty to Alexis Lafreniere for Hooking.
11:34 of 2nd period - Steven Stamkos wins face-off versus Marcus Foligno in Hartford Whalers zone.
11:37 of 2nd period - Wrist shot by Matt Duchene.
11:37 of 2nd period - Goal by Matt Duchene - Chicago Black Hawks : 4 - Hartford Whalers : 3.
11:38 of 2nd period - Joshua Norris wins face-off versus Steven Stamkos in neutral zone.
11:49 of 2nd period - Torey Krug is hit by Matthew Tkachuk and loses puck.
12:06 of 2nd period - Slapshot by Alexander Wennberg.
12:06 of 2nd period - Stopped by Ilya Sorokin without a rebound.
12:07 of 2nd period - Bo Horvat wins face-off versus Alexander Wennberg in Chicago Black Hawks zone.
12:34 of 2nd period - Devon Toews is hit by Alec Martinez and loses puck.
12:59 of 2nd period - Rasmus Ristolainen is hit by Casey Cizikas and loses puck.
13:24 of 2nd period - Slapshot by Torey Krug.
13:24 of 2nd period - Stopped by Ilya Sorokin without a rebound.
13:25 of 2nd period - Joshua Norris wins face-off versus Barclay Goodrow in Chicago Black Hawks zone.
13:53 of 2nd period - Icing by Thomas Chabot.
13:54 of 2nd period - Alexander Wennberg wins face-off versus Phillip Danault in Hartford Whalers zone.
13:54 of 2nd period - Alexander Wennberg is hit by Travis Konecny.
13:57 of 2nd period - Icing by Thomas Chabot.
13:58 of 2nd period - Phillip Danault wins face-off versus Anthony Mantha in Hartford Whalers zone.
13:59 of 2nd period - Snap shot by Travis Konecny.
13:59 of 2nd period - Shot Misses the Net.
14:01 of 2nd period - Slapshot by Rasmus Andersson.
14:01 of 2nd period - Stopped by Logan Thompson with a rebound.
14:12 of 2nd period - Off-side.
14:13 of 2nd period - Steven Stamkos wins face-off versus Casey Cizikas in neutral zone.
14:40 of 2nd period - Vladimir Tarasenko is hit by Taylor Hall and loses puck.
14:49 of 2nd period - Snap shot by Joshua Norris.
14:49 of 2nd period - Shot Misses the Net.
15:03 of 2nd period - Snap shot by Nikolaj Ehlers.
15:03 of 2nd period - Stopped by Logan Thompson with a rebound.
15:23 of 2nd period - Nikolaj Ehlers is hit by Brett Howden and loses puck.
15:49 of 2nd period - Thomas Chabot is hit by Phillip Danault and loses puck.
16:04 of 2nd period - Wrist shot by Phillip Danault.
16:04 of 2nd period - Stopped by Logan Thompson with a rebound.
16:06 of 2nd period - Snap shot by Phillip Danault.
16:06 of 2nd period - Shot Blocked by Taylor Hall.
16:12 of 2nd period - Snap shot by Nikolaj Ehlers.
16:12 of 2nd period - Shot Blocked by Marcus Foligno.
16:20 of 2nd period - Wrist shot by Travis Konecny.
16:20 of 2nd period - Stopped by Logan Thompson without a rebound.
16:21 of 2nd period - Casey Cizikas wins face-off versus Steven Stamkos in Hartford Whalers zone.
17:05 of 2nd period - Nicolas Hague is hit by Haydn Fleury and loses puck.
17:55 of 2nd period - Wrist shot by Anthony Mantha.
17:55 of 2nd period - Shot Misses the Net.
17:57 of 2nd period - Slapshot by Alexis Lafreniere.
17:57 of 2nd period - Goal by Alexis Lafreniere - Chicago Black Hawks : 4 - Hartford Whalers : 4.
17:58 of 2nd period - Casey Cizikas wins face-off versus Matthew Tkachuk in neutral zone.
19:14 of 2nd period - Snap shot by Taylor Hall.
19:14 of 2nd period - Stopped by Ilya Sorokin without a rebound.
19:15 of 2nd period - Joshua Norris wins face-off versus Steven Stamkos in Chicago Black Hawks zone.
19:34 of 2nd period - Backhand shot by Matt Duchene.
19:34 of 2nd period - Shot Blocked by Haydn Fleury.
19:36 of 2nd period - Snap shot by Matt Duchene.
19:36 of 2nd period - Stopped by Logan Thompson with a rebound.
19:38 of 2nd period - Slapshot by Steven Stamkos.
19:38 of 2nd period - Stopped by Logan Thompson with a rebound.
Goals for this period are 3 for Chicago Black Hawks vs 2 for Hartford Whalers.
Shots for this period are 12 for Chicago Black Hawks vs 12 for Hartford Whalers.
3rd period
0:01 of 3rd period - Steven Stamkos wins face-off versus Joshua Norris in neutral zone.
0:12 of 3rd period - Joshua Norris is hit by Rasmus Andersson and loses puck.
0:25 of 3rd period - Jaccob Slavin is hit by Mikhail Sergachev and loses puck.
0:43 of 3rd period - Icing by Mikhail Sergachev.
0:44 of 3rd period - Bo Horvat wins face-off versus Brett Howden in Chicago Black Hawks zone.
1:12 of 3rd period - Wrist shot by Bo Horvat.
1:12 of 3rd period - Deflect By Vladimir Tarasenko.
1:12 of 3rd period - Stopped by Logan Thompson with a rebound.
1:16 of 3rd period - Snap shot by Bo Horvat.
1:16 of 3rd period - Stopped by Logan Thompson without a rebound.
1:17 of 3rd period - Joshua Norris wins face-off versus Bo Horvat in Hartford Whalers zone.
1:32 of 3rd period - Wrist shot by Taylor Hall.
1:32 of 3rd period - Stopped by Ilya Sorokin without a rebound.
1:33 of 3rd period - Casey Cizikas wins face-off versus Steven Stamkos in Chicago Black Hawks zone.
1:51 of 3rd period - Trevor van Riemsdyk is hit by Brent Burns and loses puck.
2:50 of 3rd period - Snap shot by Brett Howden.
2:50 of 3rd period - Deflect By Connor Clifton.
2:50 of 3rd period - Shot Misses the Net.
2:50 of 3rd period - Puck is out of play.
2:51 of 3rd period - Joshua Norris wins face-off versus Matthew Tkachuk in Chicago Black Hawks zone.
3:04 of 3rd period - Nicolas Hague is hit by Joshua Norris.
3:43 of 3rd period - Snap shot by Matt Duchene.
3:43 of 3rd period - Shot Blocked by Alec Martinez.
4:28 of 3rd period - Wrist shot by Vladimir Tarasenko.
4:28 of 3rd period - Deflect By Bo Horvat.
4:28 of 3rd period - Shot Blocked by Thomas Chabot.
4:28 of 3rd period - Puck is out of play.
4:29 of 3rd period - Phillip Danault wins face-off versus Alexander Wennberg in Hartford Whalers zone.
4:54 of 3rd period - Barclay Goodrow is hit by Marcus Foligno and loses puck.
5:17 of 3rd period - Rasmus Andersson is hit by Brett Howden and loses puck.
5:50 of 3rd period - Slapshot by Kevin Labanc.
5:50 of 3rd period - Goal by Kevin Labanc - Chicago Black Hawks : 4 - Hartford Whalers : 5.
5:51 of 3rd period - Alexander Wennberg wins face-off versus Matthew Tkachuk in neutral zone.
6:18 of 3rd period - Bo Horvat is hit by Taylor Hall and loses puck.
6:44 of 3rd period - Off-side.
6:45 of 3rd period - Casey Cizikas wins face-off versus Steven Stamkos in neutral zone.
7:12 of 3rd period - Off-side.
7:13 of 3rd period - Bo Horvat wins face-off versus Joshua Norris in neutral zone.
7:16 of 3rd period - Wrist shot by Chris Kreider.
7:16 of 3rd period - Shot Blocked by Torey Krug.
7:18 of 3rd period - Snap shot by Chris Kreider.
7:18 of 3rd period - Stopped by Logan Thompson with a rebound.
7:25 of 3rd period - Wrist shot by Devon Toews.
7:25 of 3rd period - Shot Blocked by Torey Krug.
7:47 of 3rd period - Wrist shot by Chris Kreider.
7:47 of 3rd period - Stopped by Logan Thompson with a rebound.
7:49 of 3rd period - Wrist shot by Bo Horvat.
7:49 of 3rd period - Shot Hit the Post.
7:51 of 3rd period - Snap shot by Bo Horvat.
7:51 of 3rd period - Shot Blocked by Torey Krug.
7:53 of 3rd period - Snap shot by Chris Kreider.
7:53 of 3rd period - Deflect By Bo Horvat.
7:53 of 3rd period - Shot Blocked by Trevor van Riemsdyk.
7:53 of 3rd period - Puck is out of play.
7:54 of 3rd period - Steven Stamkos wins face-off versus Alexander Wennberg in Hartford Whalers zone.
7:55 of 3rd period - Slapshot by Matthew Tkachuk.
7:55 of 3rd period - Shot Misses the Net.
8:21 of 3rd period - Icing by Eetu Luostarinen.
8:22 of 3rd period - Casey Cizikas wins face-off versus Phillip Danault in Hartford Whalers zone.
8:34 of 3rd period - Snap shot by Mikhail Sergachev.
8:34 of 3rd period - Stopped by Logan Thompson without a rebound.
8:35 of 3rd period - Alexander Wennberg wins face-off versus Steven Stamkos in Hartford Whalers zone.
8:35 of 3rd period - Alexander Wennberg is hit by Matthew Tkachuk.
9:26 of 3rd period - Snap shot by Taylor Hall.
9:26 of 3rd period - Shot Misses the Net.
9:30 of 3rd period - Snap shot by Joshua Norris.
9:30 of 3rd period - Stopped by Ilya Sorokin with a rebound.
9:32 of 3rd period - Slapshot by Marcus Foligno.
9:32 of 3rd period - Goal by Marcus Foligno - Chicago Black Hawks : 4 - Hartford Whalers : 6.
9:33 of 3rd period - Alexander Wennberg wins face-off versus Steven Stamkos in neutral zone.
10:09 of 3rd period - Wrist shot by Alexander Wennberg.
10:09 of 3rd period - Stopped by Ilya Sorokin with a rebound.
10:13 of 3rd period - Snap shot by Anthony Mantha.
10:13 of 3rd period - Deflect By Alexis Lafreniere.
10:13 of 3rd period - Stopped by Ilya Sorokin with a rebound.
10:15 of 3rd period - Slapshot by Torey Krug.
10:15 of 3rd period - Stopped by Ilya Sorokin with a rebound.
10:17 of 3rd period - Snap shot by Alexis Lafreniere.
10:17 of 3rd period - Stopped by Ilya Sorokin with a rebound.
10:19 of 3rd period - Backhand shot by Torey Krug.
10:19 of 3rd period - Shot Blocked by Devon Toews.
10:21 of 3rd period - Slapshot by Anthony Mantha.
10:21 of 3rd period - Shot Misses the Net.
10:23 of 3rd period - Wrist shot by Trevor van Riemsdyk.
10:23 of 3rd period - Stopped by Ilya Sorokin with a rebound.
10:43 of 3rd period - Wrist shot by Anthony Mantha.
10:43 of 3rd period - Stopped by Ilya Sorokin with a rebound.
10:45 of 3rd period - Snap shot by Alexander Wennberg.
10:45 of 3rd period - Stopped by Ilya Sorokin with a rebound.
10:49 of 3rd period - Wrist shot by Alexander Wennberg.
10:49 of 3rd period - Deflect By Alexis Lafreniere.
10:49 of 3rd period - Shot Misses the Net.
10:49 of 3rd period - Puck is out of play.
10:50 of 3rd period - Steven Stamkos wins face-off versus Taylor Hall in Chicago Black Hawks zone.
11:15 of 3rd period - Brett Howden is hit by Mikhail Sergachev and loses puck.
11:26 of 3rd period - Snap shot by Chris Kreider.
11:26 of 3rd period - Stopped by Logan Thompson with a rebound.
11:28 of 3rd period - Slapshot by Nicolas Hague.
11:28 of 3rd period - Stopped by Logan Thompson with a rebound.
11:38 of 3rd period - Nicolas Hague is hit by Kevin Labanc and loses puck.
12:03 of 3rd period - Snap shot by Matt Duchene.
12:03 of 3rd period - Goal by Matt Duchene - Chicago Black Hawks : 5 - Hartford Whalers : 6.
12:04 of 3rd period - Steven Stamkos wins face-off versus Joshua Norris in neutral zone.
12:56 of 3rd period - Nikolaj Ehlers is hit by Kevin Labanc.
13:36 of 3rd period - Snap shot by Steven Stamkos.
13:36 of 3rd period - Shot Blocked by Torey Krug.
14:00 of 3rd period - Wrist shot by Steven Stamkos.
14:00 of 3rd period - Stopped by Logan Thompson without a rebound.
14:01 of 3rd period - Bo Horvat wins face-off versus Joshua Norris in Hartford Whalers zone.
14:12 of 3rd period - Slapshot by Taylor Hall.
14:12 of 3rd period - Shot Misses the Net.
14:14 of 3rd period - Snap shot by Marcus Foligno.
14:14 of 3rd period - Shot Blocked by Vladimir Tarasenko.
14:16 of 3rd period - Snap shot by Marcus Foligno.
14:16 of 3rd period - Deflect By Joshua Norris.
14:16 of 3rd period - Deflect By Nicolas Hague.
14:16 of 3rd period - Stopped by Ilya Sorokin with a rebound.
14:33 of 3rd period - Alec Martinez is hit by Bo Horvat and loses puck.
14:40 of 3rd period - Backhand shot by Chris Kreider.
14:40 of 3rd period - Stopped by Logan Thompson without a rebound.
14:41 of 3rd period - Joshua Norris wins face-off versus Steven Stamkos in Hartford Whalers zone.
15:24 of 3rd period - Icing by Anthony Mantha.
15:25 of 3rd period - Alexander Wennberg wins face-off versus Barclay Goodrow in Hartford Whalers zone.
15:30 of 3rd period - Wrist shot by Lawson Crouse.
15:30 of 3rd period - Stopped by Logan Thompson with a rebound.
15:36 of 3rd period - Slapshot by Torey Krug.
15:36 of 3rd period - Shot Blocked by Bryan Rust.
15:50 of 3rd period - Rasmus Andersson is hit by Connor Clifton.
16:04 of 3rd period - Haydn Fleury is hit by Rasmus Andersson and loses puck.
16:29 of 3rd period - Minor Penalty to Alexis Lafreniere for Interference.
16:30 of 3rd period - Bo Horvat wins face-off versus Marcus Foligno in Hartford Whalers zone.
16:42 of 3rd period - Snap shot by Joshua Norris.
16:42 of 3rd period - Stopped by Ilya Sorokin without a rebound.
16:43 of 3rd period - Matt Duchene wins face-off versus Joshua Norris in Chicago Black Hawks zone.
16:48 of 3rd period - Snap shot by Chris Kreider.
16:48 of 3rd period - Shot Misses the Net.
16:50 of 3rd period - Wrist shot by Mikhail Sergachev.
16:50 of 3rd period - Shot Blocked by Joshua Norris.
16:52 of 3rd period - Slapshot by Mikhail Sergachev.
16:52 of 3rd period - Shot Misses the Net.
17:33 of 3rd period - Taylor Hall is hit by Vladimir Tarasenko and loses puck.
18:16 of 3rd period - Matt Duchene is hit by Joshua Norris and loses puck.
18:29 of 3rd period - Penalty to Alexis Lafreniere is over, Alexis Lafreniere is back on ice.
18:37 of 3rd period - Casey Cizikas is hit by Barclay Goodrow and loses puck.
18:58 of 3rd period - Lawson Crouse is hit by Joshua Norris and loses puck.
19:11 of 3rd period - Snap shot by Joshua Norris.
19:11 of 3rd period - Shot Blocked by Rasmus Andersson.
19:13 of 3rd period - Snap shot by Joshua Norris.
19:13 of 3rd period - Stopped by Ilya Sorokin with a rebound.
19:15 of 3rd period - Wrist shot by Marcus Foligno.
19:15 of 3rd period - Stopped by Ilya Sorokin without a rebound.
19:16 of 3rd period - Jim Montgomery call a timeout for Chicago Black Hawks.
19:16 of 3rd period - Joshua Norris wins face-off versus Phillip Danault in Chicago Black Hawks zone.
19:35 of 3rd period - Chicago Black Hawks, Ilya Sorokin is pulled from the net.
Goals for this period are 1 for Chicago Black Hawks vs 2 for Hartford Whalers.
Shots for this period are 11 for Chicago Black Hawks vs 15 for Hartford Whalers.
Back to the Top